 Dungeon Crawl Stone Soup version 0.21.0-3-g78d12a8 (webtiles) character file.

1884 pstr the Digger (level 9, -3/71 (73) HPs)
             Began as a Naga Earth Elementalist on Jan 14, 2018.
             Was a Follower of Vehumet.
             Slain by Duvessa
             ... wielding a +0 short sword
              (9 damage)
             ... on level 7 of the Dungeon.
             The game lasted 00:26:27 (9699 turns).

pstr the Digger (Naga Earth Elementalist)           Turns: 9699, Time: 00:26:27

HP:   -3/71 (73)    AC:  6    Str: 11    XL:     9   Next: 14%
MP:   6/18          EV: 10    Int: 19    God:    Vehumet [*.....]
Gold: 330           SH:  0    Dex: 11    Spells: 15/20 levels left

rFire    . . .     SeeInvis +   u - +1 falchion
rCold    . . .     Gourm    .   (no shield)
rNeg     . . .     Faith    .   f - +0 leather armour
rPois    +         Spirit   .   (no helmet)
rElec    .         Reflect  .   (no cloak)
rCorr    .         Harm     .   v - +0 pair of gloves
MR       +....                  (no barding)
Stlth    ++........             (no amulet)
HPRegen  0.21/turn              (no ring)
MPRegen  0.16/turn              (no ring)

@: very slow
A: large, see invisible, deformed body, poison resistance, slowness 2, slow
metabolism 1, spit poison 1, AC +3
a: Spit Poison, Renounce Religion


You were on level 7 of the Dungeon.
You worshipped Vehumet.
Vehumet was aware of your devotion.
You were not hungry.

You visited 2 branches of the dungeon, and saw 8 of its levels.

You collected 330 gold pieces.

Inventory:

Hand Weapons
 r - a +2 whip of draining
 u - a +1 falchion (weapon)
Missiles
 b - 157 stones (quivered)
 p - 83 arrows
Armour
 c - a +0 robe
 f - a +0 leather armour (worn)
 q - a +0 scale mail
 t - a +4 scale mail
 v - a +0 pair of gloves (worn)
 B - a +0 troll leather armour
Jewellery
 s - an uncursed ring of poison resistance
 w - an uncursed ring of magical power {unknown}
Wands
 a - a wand of polymorph (9)
 m - a wand of flame (19)
 D - a wand of random effects (17)
 G - a wand of paralysis (4)
Scrolls
 g - 6 scrolls of identify
 j - 2 scrolls of immolation
 k - a scroll of fear {unknown}
 y - 3 scrolls of enchant armour {unknown}
 A - a scroll of enchant weapon
 C - a scroll of brand weapon {unknown}
 F - a scroll of teleportation {unknown}
Potions
 h - 2 potions of lignification {unknown}
 i - 2 potions of mutation {unknown}
 l - a potion of flight {unknown}
 n - a potion of curing {unknown}
 o - a potion of degeneration {unknown}
 x - a potion of berserk rage {unknown}
 z - a potion of agility {unknown}
 E - 2 potions of might {unknown}
Books
 e - a book of Geomancy

   Spells                             Type                      Level
   a - Sandblast                      Earth                        1
   b - Passwall                       Transmutation/Earth          2
   c - Stone Arrow                    Conjuration/Earth            3
   d - Petrify                        Transmutation/Earth          4
   e - Lee's Rapid Deconstruction     Earth                        5
Comestibles
 d - 14 rations


   Skills:
 + Level 2.2 Fighting
 + Level 0.6 Long Blades
 + Level 2.8 Armour
 + Level 2.8 Dodging
 + Level 4.4 Stealth
 + Level 0.1 Unarmed Combat
 + Level 6.2 Spellcasting
 + Level 4.0 Conjurations
   Level 1.0 Transmutations
 + Level 6.9 Earth Magic


You had 15 spell levels left.
You knew the following spells:

 Your Spells              Type           Power        Failure   Level  Hunger
a - Sandblast             Erth           ####..       1%          1    None
b - Stone Arrow           Conj/Erth      ####..       4%          3    ##.....
c - Shock                 Conj/Air       ##..         6%          1    None


Dungeon Overview and Level Annotations

Branches:
Dungeon (7/15)             Temple (1/1) D:4

Altars:
Ashenzari
Elyvilon
Fedhas
Gozag
Hepliaklqana
Kikubaaqudgha
Makhleb
Nemelex Xobeh
Okawaru
Qazlal
Ru
Sif Muna
Trog
Uskayaw
Vehumet
Wu Jian
Xom
Yredelemnul
Zin
The Shining One

Shops:
D:7 [

Annotations:
D:7 Duvessa


Innate Abilities, Weirdness & Mutations

You cannot wear boots.
Your serpentine skin is tough. (AC +3)
You have supernaturally acute eyesight. (SInv)
Armour fits poorly on your strangely shaped body.
Your system is resistant to poisons. (rPois)
You cover ground very slowly.
You have a slow metabolism.
You can spit poison.


Message History

Duvessa looks more healthy.
Duvessa hits you but does no damage. Duvessa hits you with a short sword!
Casting: Stone Arrow
Confirm with . or Enter, or press ? or * to list all spells.
Aiming: Stone Arrow
Press: ? - help, Shift-Dir - straight line, f/p - Duvessa
Aim: Duvessa, wielding a short sword and wearing a leather armour (heavily wounded, berserk, fast, unusually strong)
The stone arrow hits Duvessa.
Duvessa is severely wounded.
Duvessa hits you with a short sword!
* * * LOW HITPOINT WARNING * * *
Duvessa hits you with a short sword!
* * * LOW HITPOINT WARNING * * *
Duvessa hits you with a short sword.
* * * LOW HITPOINT WARNING * * *
Duvessa barely misses you.
You riposte.
You closely miss Duvessa.
Duvessa is severely wounded.
Duvessa hits you but does no damage. Duvessa hits you with a short sword!
You die...

########....#
##.... #.##.#
##.#.## #####
#.##.# ##.###.#
#...# ##.##.# #.##
#. #._.# #.....#
##.###.# ###...###
#..##.# ##.#.#
#.......## #..##.#
##.# .........##
#.e##.#########.#
...≈≈≈....#
#.@##...........#
..≈≈≈≈≈...##
#).##############
.≈≈...≈≈...# #..#
.≈≈.>.≈≈...# ##..#
.≈≈)..≈≈...# #.).#
..≈≈≈≈≈...####'#.#
...≈≈≈....##.'∩'.#
.........##.)#'#.#
#.......##.......#


You could see Duvessa (berserk).

Vanquished Creatures
  Sigmund (D:2)
  2 ogres
  2 necrophages
  A centaur (D:5)
  4 bullfrogs
  A gnoll sergeant (D:7)
  Dowan (D:7)
  A scorpion (D:4)
  A killer bee (D:5)
  A howler monkey (D:5)
  A bullfrog zombie (D:6)
  A crimson imp (D:7)
  4 hounds
  2 jellies (D:5)
  2 bullfrog skeletons (D:7)
  Ijyb (D:3)
  Natasha (D:3)
  4 orc wizards
  A worker ant (D:5)
  3 hound skeletons (D:5)
  Robin (D:3)
  7 gnolls
  4 adders
  3 shadow imps (D:5)
  An ooze (D:4)
  2 adder skeletons
  3 worms
  4 dart slugs
  3 leopard geckos
  23 orcs
  A ball python (D:4)
  5 giant cockroaches
  14 goblins
  7 hobgoblins
  4 jackals
  3 quokkas
  A ball python zombie (D:5)
  7 bats
  3 frilled lizards
  7 kobolds
  A leopard gecko skeleton (D:4)
  A quokka skeleton (D:5)
  A quokka zombie (D:5)
  7 rats
148 creatures vanquished.

Vanquished Creatures (others)
  2 worker ants (D:5)
  An orc (D:5)
  A giant cockroach (D:5)
  2 jackals (D:5)
6 creatures vanquished.

Grand Total: 154 creatures vanquished

Notes
Turn   | Place    | Note
-------+----------+-------------------------------------------
     0 | D:1      | pstr the Naga Earth Elementalist began the quest for the Orb.
     0 | D:1      | Reached XP level 1. HP: 15/15 MP: 3/3
   322 | D:1      | Reached XP level 2. HP: 19/22 MP: 1/5
   945 | D:1      | Reached XP level 3. HP: 28/28 MP: 4/6
   967 | D:1      | Learned a level 3 spell: Stone Arrow
  1473 | D:2      | Noticed Sigmund
  1484 | D:2      | Killed Sigmund
  1484 | D:2      | Reached XP level 4. HP: 18/37 MP: 0/9
  1484 | D:2      | Reached XP level 5. HP: 21/43 MP: 0/10
  2792 | D:3      | Reached skill level 1 in Fighting
  2792 | D:3      | Reached XP level 6. HP: 46/51 MP: 1/11
  2917 | D:3      | Reached skill level 1 in Conjurations
  3525 | D:3      | Noticed Ijyb
  3536 | D:3      | Killed Ijyb
  3724 | D:3      | Noticed Robin
  3752 | D:3      | Killed Robin
  3999 | D:3      | Noticed Natasha
  4003 | D:3      | Killed Natasha
  4262 | D:3      | Reached skill level 5 in Earth Magic
  4647 | D:4      | Reached XP level 7. HP: 57/57 MP: 0/13
  5502 | D:4      | Reached skill level 1 in Armour
  5807 | D:4      | Found a staircase to the Ecumenical Temple.
  5812 | Temple   | Entered the Ecumenical Temple
  5915 | Temple   | Became a worshipper of Vehumet
  5936 | D:4      | Found an ancient bone altar of Kikubaaqudgha.
  5936 | D:4      | Found a deep blue altar of Sif Muna.
  5936 | D:4      | Found a white marble altar of Elyvilon.
  5936 | D:4      | Found a basalt altar of Yredelemnul.
  5937 | D:4      | Found a burning altar of Makhleb.
  5937 | D:4      | Found an opulent altar of Gozag.
  5938 | D:4      | Found a stormy altar of Qazlal.
  5938 | D:4      | Found an ancient bone altar of Kikubaaqudgha.
  5938 | D:4      | Found a hazy altar of Hepliaklqana.
  5938 | D:4      | Found a basalt altar of Yredelemnul.
  5938 | D:4      | Found a sacrificial altar of Ru.
  5938 | D:4      | Found a deep blue altar of Sif Muna.
  6138 | D:5      | Entered Level 5 of the Dungeon
  6692 | D:5      | Reached skill level 5 in Spellcasting
  6794 | D:5      | Found a shimmering altar of Xom.
  6801 | D:5      | Reached XP level 8. HP: 64/64 MP: 2/15
  7010 | D:5      | Reached * piety under Vehumet
  7010 | D:5      | Offered knowledge of Shock by Vehumet.
  7074 | D:5      | Learned a level 1 spell: Shock
  7138 | D:5      | Found a basalt altar of Yredelemnul.
  8502 | D:6      | Found a glowing golden altar of the Shining One.
  9004 | D:7      | Found Pyonanam's General Store.
  9053 | D:7      | Reached XP level 9. HP: 68/71 MP: 3/18
  9327 | D:7      | Found Umeomn's Armour Emporium.
  9640 | D:7      | Found a deep blue altar of Sif Muna.
  9683 | D:7      | Noticed Duvessa
  9683 | D:7      | Noticed Dowan
  9686 | D:7      | Killed Dowan
  9699 | D:7      | Slain by Duvessa

Skill      XL: |  1  2  3  4  5  6  7  8  9 |
---------------+----------------------------+-----
Dodging        | 2 |  2.8
Spellcasting   | 3 4 5 6 |  6.2
Earth Magic    | 4 5 6 |  6.9
Fighting       | 1 2 |  2.2
Conjurations   | 1 2 3 4 |  4.0
Armour         | 1 2 |  2.8
Stealth        | 4 |  4.4
Long Blades    | |  0.6
Unarmed Combat | |  0.1
Transmutations | |  1.0

Action                   |  1- 3 |  4- 6 |  7- 9 || total
-------------------------+-------+-------+-------++-------
Melee: Unarmed           |     2 |     2 |       ||     4
       Falchion          |       |       |     6 ||     6
Throw: Stone             |     1 |       |       ||     1
 Cast: Sandblast         |    30 |    21 |    13 ||    64
       Stone Arrow       |     8 |    61 |   113 ||   182
 Abil: Spit Poison       |    10 |    17 |    18 ||    45
  Use: Scroll            |       |     6 |       ||     6
  Eat: Ration            |     1 |     1 |     2 ||     4
       Chunk             |       |    11 |    14 ||    25
Armor: Robe              |     5 |    15 |       ||    20
       Leather armour    |       |     1 |    40 ||    41
Dodge: Dodged            |    25 |    45 |    68 ||   138
       Rpst.: Falchion   |       |     3 |    13 ||    16
